 Dungeon Crawl Stone Soup version 0.25.1-2-g60ff931df9 (webtiles) character file.

Game seed: 8505304233010539834

44 Johnny the Digger (level 3, 0/26 HPs)
             Began as a Demigod Earth Elementalist on Oct 27, 2020.
             Succumbed to an adder's poison
             ... on level 2 of the Dungeon.
             The game lasted 00:01:43 (2012 turns).

Johnny the Digger (Demigod Earth Elementalist)      Turns: 2012, Time: 00:01:43

Health: 0/26       AC:  5    Str: 11    XL:     3   Next: 23%
Magic:  9/9        EV: 11    Int: 21    God:
Gold:   66         SH:  0    Dex: 16    Spells: 5/6 levels left

rFire    + . .     SeeInvis .   e - +0 dagger
rCold    + . .     Gourm    .   (no shield)
rNeg     . . .     Faith    .   l - +0 ring mail
rPois    .         Spirit   .   (no helmet)
rElec    .         Reflect  .   (no cloak)
rCorr    .         Harm     .   (no gloves)
MR       +....     Rnd*Rage +   (no boots)
Stlth    +.........             (no amulet)
HPRegen  0.08/turn              h - ring of protection from fire
MPRegen  0.11/turn              b - ring of protection from magic

@: brilliant, lethally poisoned (0 -> -20)
A: claws 1, berserk 1, cold resistance 1, deterioration 1, high mp 1
a: no special abilities


You were on level 2 of the Dungeon.
You were not hungry.

You visited 1 branch of the dungeon, and saw 2 of its levels.

You collected 66 gold pieces.

Inventory:

Hand Weapons
 e - a +0 dagger (weapon)
Armour
 l - a +0 ring mail (worn)
Jewellery
 b - a ring of protection from magic (right claw)
 h - a ring of protection from fire (left claw)
Comestibles
 d - 6 rations
 j - 3 chunks of flesh


   Skills:
 - Level 1.7 Dodging
 - Level 1.7 Stealth
 + Level 2.3 Spellcasting
   Level 0.8 Transmutations
 * Level 3.7 Earth Magic


You had 5 spell levels left.
You knew the following spells:

 Your Spells              Type           Power        Failure   Level  Hunger
a - Sandblast             Erth           ####..       8%          1    None

Your spell library contained the following spells:

 Spells                   Type           Power        Failure   Level  Hunger
 Passwall                 Tmut/Erth      ###.....     21%         2    None
 Stone Arrow              Conj/Erth      ###...       43%         3    None
 Petrify                  Tmut/Erth      ###.....     80%         4    None
 Lee's Rapid Deconstruct  Erth           ####......   91%         5    None


Dungeon Overview and Level Annotations

Branches:
Dungeon (2/15)


Innate Abilities, Weirdness & Mutations

You have an increased reservoir of magic. (+10% MP)
You have sharp fingernails.
You tend to lose your temper in combat.
Your flesh is cold resistant. (rC+)
Your body sometimes deteriorates upon taking damage.


Message History

The dust glows pale grey!
* * * LOW HITPOINT WARNING * * *
You feel sick. The adder bites you.
* * * LOW HITPOINT WARNING * * *
You are more poisoned.
The adder poisons you!
You closely miss the adder.
The adder is lightly wounded.
* * * LOW HITPOINT WARNING * * *
You feel sick. The adder barely misses you.
Unknown command.
Unknown command.
Your ring mail prevents you from hitting the adder.
The adder is lightly wounded.
* * * LOW HITPOINT WARNING * * *
You feel sick.
The adder bites you but does no damage. x2
Unknown command.
You hit the adder but do no damage.
The adder is lightly wounded.
You die...

###.###.#.... ###
#☼...°#.###..
#.####.....#......
#.##...._....##...
#....#.....#.##...
#.####≈...○#......
#.# ###.###.##...
#.######.# #.#####
#@#...#..###.#
#S#.....<...^#
#.#...########
#.######.###
#.##........
##.##.###.#
#.........#
#####.###.# #.#
#.#


You could see an adder.

Vanquished Creatures
  A worm (D:2)
  2 dart slugs (D:1)
  2 leopard geckos (D:1)
  2 giant cockroaches
  5 hobgoblins
  5 jackals (D:2)
  4 bats
  3 frilled lizards
  A goblin (D:1)
  4 kobolds
  8 rats
37 creatures vanquished.

Notes
Turn   | Place    | Note
-------+----------+-------------------------------------------
     0 | D:1      | Johnny the Demigod Earth Elementalist began the quest for
                  | the Orb.
     0 | D:1      | Reached XP level 1. HP: 14/14 MP: 5/5
   408 | D:1      | Reached skill level 3 in Earth Magic
   607 | D:1      | Reached XP level 2. HP: 14/20 MP: 4/7
  1793 | D:2      | Reached XP level 3. HP: 25/26 MP: 7/9
  1939 | D:2      | Found a stormy altar of Qazlal.
  1995 | D:2      | Gained mutation: Your flesh is cold resistant. (rC+)
                  | [potion of mutation]
  1995 | D:2      | Gained mutation: Your body sometimes deteriorates upon
                  | taking damage. [potion of mutation]
  1995 | D:2      | Gained mutation: You tend to lose your temper in combat.
                  | [potion of mutation]
  1995 | D:2      | Gained mutation: You have sharp fingernails. [potion of
                  | mutation]
  2011 | D:2      | HP: 1/26 [poisoned by an adder]
  2012 | D:2      | Succumbed to an adder's poison

Illustrated notes

Levels and vault maps discovered:
D:1:      dpeg_arrival_refuge, layout_basic
D:2:      layout_basic, grunt_qazlal_clouds, dk_vineyard_2

Skill      XL: |  1 |
---------------+----+-----
Spellcasting   | 2 |  2.3
Earth Magic    | 3 |  3.7
Dodging        | |  1.7
Stealth        | |  1.7
Transmutations | |  0.8

Action                   || total
-------------------------++-------
Melee: Unarmed           ||    17
       Dagger            ||    76
 Cast: Sandblast         ||    35
  Use: Potion            ||     4
       Scroll            ||     2
 Stab: Sleeping          ||     1
  Eat: Chunk             ||     4
Armor: Robe              ||    18
       Ring mail         ||    15
Dodge: Dodged            ||    70
